Map: Orbital Shipyard

Players

Eluwyn

  • Race: Protoss Protoss
  • League: Platinum

IIIIIIIIIIII - Winner!

  • Race: Zerg Zerg
  • League: Master

VOD

Have the link to the VOD?

Description

Time

  • Played on: Feb. 26, 2016, 9:29 a.m.
  • Length: 10:08
Show
View Real Time Build Order
Export as new Build Order

Eluwyn Protoss 

Build Orders: 1 Gate Expand 

Get SALT Encoding   

  12  0:01  Probe (Chrono Boost)  
  13  0:12  Probe (Chrono Boost)  
  14  0:19  Pylon  
  14  0:23  Probe (Chrono Boost)  
  15  0:38  Probe (Chrono Boost)  
  16  0:45  Gateway  
  16  0:48  Probe (Chrono Boost)  
  17  0:51  Assimilator  
  17  0:59  Probe (Chrono Boost)  
  18  1:09  Probe (Chrono Boost)  
  19  1:20  Probe (Chrono Boost)  
  19  1:24  Nexus  
  20  1:33  Cybernetics Core  
  20  1:36  Probe (Chrono Boost)  
  21  1:43  Assimilator  
  21  1:46  Probe (Chrono Boost)  
  22  1:52  Pylon  
  22  1:57  Probe (Chrono Boost)  
  23  2:04  Pylon  
  23  2:22  Probe, Stalker (Chrono Boost)  
  26  2:27  Warp Gate  
  26  2:34  Probe  
  27  2:37  Probe (Chrono Boost)  
  27  2:43  Twilight Council  
  28  2:46  Probe (Chrono Boost)  
  28  2:49  Adept (Chrono Boost), Probe (Chrono Boost)  
  32  2:56  Probe (Chrono Boost)  
  33  2:59  Probe (Chrono Boost)  
  34  3:06  Probe  
  34  3:09  Probe  
  34  3:11  Pylon  
  36  3:17  Probe  
  36  3:18  Adept (Chrono Boost)  
  39  3:21  Probe, Resonating Glaives (Chrono Boost)  
  40  3:27  Probe  
  40  3:33  Probe, Gateway  
  42  3:38  Probe  
  43  3:41  Gateway  
  43  3:42  Gateway  
  43  3:51  Probe  
  44  3:57  Probe  
  44  4:02  Adept  
  45  4:12  Probe  
  45  4:13  Pylon  
  46  4:17  Assimilator  
  46  4:19  Assimilator  
  46  4:36  Adept  
  48  4:41  Adept  
  48  4:42  Adept  
  48  4:43  Adept  
  54  4:51  Pylon, Blink (Chrono Boost)  
  54  4:52  Nexus  
  54  4:54  Pylon  
  54  4:55  Pylon  
  54  5:02  Adept x2  
  54  5:04  Adept x2  
  62  5:08  Probe  
  62  5:09  Probe  
  62  5:10  Gateway  
  64  5:14  Gateway  
  64  5:18  Probe  
  64  5:20  Gateway  
  65  5:22  Probe  
  65  5:26  Forge  
  65  5:28  Mothership Core  
  66  5:33  Adept  
  66  5:34  Probe  
  71  5:45  Stalker  
  71  5:46  Stalker  
  71  5:47  Stalker  
  77  6:06  Stalker  
  77  6:08  Robotics Facility  
  79  6:22  Stalker x2  
  79  6:23  Stalker  
  83  6:35  Stalker  
  83  6:38  Protoss Ground Weapons Level 1 (Chrono Boost)  
  83  6:39  Probe  
  83  6:40  Probe x2  
  72  6:56  Stalker  
  72  6:57  Stalker x4  
  72  6:59  Probe  
  72  7:01  Probe x2  
  85  7:03  Immortal  
  85  7:07  Pylon  
  89  7:10  Probe  
  89  7:11  Templar Archives  
  89  7:13  Probe x2  
  92  7:16  Pylon  
  92  7:19  Pylon  
  92  7:21  Probe  
  87  7:25  Stalker  
  87  7:26  Stalker  
  85  7:39  Stalker x5  
  89  8:06  Stalker x3  
  89  8:07  Immortal, Stalker x2  
  89  8:08  Stalker  
  89  8:12  Assimilator  
  99  8:13  Pylon  
  99  8:16  Assimilator  
  95  8:39  Stalker x2  
  95  8:40  High Templar, Stalker  
  97  8:43  High Templar  
  97  8:52  Archon  
  81  9:05  Adept x4  
  81  9:07  Immortal  
  81  9:09  Probe  
  93  9:10  Probe x2  
  96  9:21  Dark Shrine  
  96  9:22  Probe  
  97  9:24  Pylon  
  97  9:26  Adept x2  
  97  9:27  Stalker x4  
  89  9:47  Adept x2  
  89  9:51  Adept x2  
Show
View Real Time Build Order
Export as new Build Order

IIIIIIIIIIII Zerg - Winner!

Build Orders: 3 Hatch before Pool 

Get SALT Encoding   

  12  0:01  Drone  
  13  0:08  Drone  
  14  0:17  Overlord  
  14  0:24  Extractor, Drone  
  14  0:27  Extractor  
  13  0:29  Drone  
  16  0:36  Drone  
  17  0:53  Hatchery  
  17  0:56  Drone  
  17  0:59  Drone  
  18  1:20  Hatchery  
  18  1:23  Drone  
  18  1:27  Extractor  
  17  1:40  Spawning Pool  
  17  1:42  Drone  
  17  1:47  Drone  
  17  1:51  Drone  
  19  1:55  Drone  
  20  2:05  Drone  
  20  2:07  Drone  
  22  2:15  Drone  
  23  2:19  Drone  
  24  2:25  Drone  
  24  2:28  Queen  
  24  2:29  Metabolic Boost  
  27  2:32  Drone  
  27  2:34  Drone  
  29  2:38  Drone  
  29  2:43  Drone  
  31  2:44  Drone  
  31  2:47  Queen  
  34  2:54  Overlord  
  34  2:58  Extractor  
  34  2:59  Zergling x2  
  34  3:01  Extractor, Drone  
  36  3:12  Overlord, Queen  
  38  3:14  Drone x4  
  42  3:30  Drone x5  
  42  3:33  Drone  
  48  3:36  Overlord  
  48  3:38  Drone  
  48  3:39  Drone  
  50  3:43  Lair  
  50  3:44  Roach Warren  
  50  3:47  Drone  
  49  4:00  Drone  
  49  4:01  Overlord  
  50  4:06  Overlord  
  50  4:12  Extractor  
  50  4:14  Extractor, Drone x2  
  50  4:16  Extractor  
  49  4:20  Queen  
  49  4:22  Drone x7  
  57  4:31  Drone x3  
  58  4:35  Spore Crawler  
  58  4:36  Spore Crawler  
  58  4:40  Spore Crawler  
  58  4:42  Drone x3  
  58  4:44  Overlord x2  
  60  4:47  Drone  
  60  4:48  Drone x5  
  60  4:51  Extractor  
  60  4:52  Extractor  
  64  4:55  Drone x2  
  64  4:57  Glial Reconstitution  
  64  4:58  Hydralisk Den  
  65  5:01  Drone  
  66  5:11  Drone x2  
  66  5:13  Drone x2  
  70  5:14  Drone  
  70  5:15  Roach  
  70  5:16  Roach  
  70  5:17  Roach  
  77  5:23  Overseer  
  77  5:30  Hatchery, Drone  
  77  5:31  Hydralisk x2  
  77  5:34  Muscular Augments  
  77  5:35  Overlord x4  
  81  5:43  Evolution Chamber  
  81  5:44  Evolution Chamber  
  79  5:50  Drone x2  
  79  5:51  Drone  
  79  5:54  Hydralisk x2  
  79  5:56  Hatchery, Roach  
  87  6:00  Roach x2  
  85  6:13  Roach x5  
  83  6:24  Roach x4  
  90  6:38  Roach x5  
  94  6:53  Drone  
  95  6:55  Hydralisk x3  
  101  7:02  Queen  
  103  7:12  Zerg Missile Weapons Level 1  
  103  7:13  Zergling x2  
  103  7:14  Zergling x16  
  108  7:27  Hydralisk x2  
  104  7:41  Roach x5  
  104  7:43  Zergling x14  
  118  7:54  Roach x3  
  124  8:10  Overlord x4  
  124  8:14  Extractor  
  123  8:36  Hatchery  
  123  8:40  Hydralisk x2  
  123  8:41  Hydralisk x5  
  126  9:07  Ravager x4  
  126  9:09  Zergling x20  
  140  9:10  Drone  
  140  9:11  Drone x7  
  140  9:12  Drone x2  
  150  9:21  Zergling x12  
  157  10:05  Spore Crawler  
Tags
 
Add a new tag
Caveats
  • Supply blocks, unpowered buildings, or Contaminate may cause inaccurate times.
  • Supply counts are checked every 10 seconds.